TOP OF THE 1ST |
Trenton Stars batting - Pitching for Tuscaloosa Trout Slayers : RHP Rafael Ramírez
|
Pitching: RHP Rafael Ramírez
|
|
Batting: LHB Felipe Guerrero
|
0-0: Called Strike 0-1: Ball 1-1: TRIPLE (Flyball, 89XD)
|
Batting: RHB Kenji Murayama
|
0-0: Called Strike 0-1: SINGLE (Line Drive, 6MD) Felipe Guerrero scores
|
Batting: LHB Alonzo Medine
|
0-0: Ball 1-0: Swinging Strike 1-1: Ball Wild Pitch! Kenji Murayama to second 2-1: Ball 3-1: Foul Ball, location: 2F 3-2: Foul Ball, location: 2F 3-2: Foul Ball, location: 2F 3-2: Foul Ball, location: 2F 3-2: Fly out, F7 (Flyball, 78D)
|
Batting: RHB Chris Cole
|
0-0: Called Strike 0-1: SINGLE (Line Drive, 34D) Kenji Murayama to third
|
Batting: LHB Alberto Gómez
|
0-0: Called Strike 0-1: Swinging Strike Balk! Kenji Murayama scores Chris Cole to second 0-2: Strikes out swinging
|
Batting: LHB Ju-wei Shiu
|
0-0: SINGLE (Line Drive, 9LS) Chris Cole to third Runner from 3rd tries for Home, SAFE, no throw or cutoff
|
Batting: RHB Rafael Canales
|
0-0: Fly out, F8 (Flyball, 89D)
|
Top of the 1st over - 3 run(s), 4 hit(s), 0 error(s), 1 left on base; Trenton 3 - Tuscaloosa 0 |
BOTTOM OF THE 1ST |
Tuscaloosa Trout Slayers batting - Pitching for Trenton Stars : LHP Luis Guevara
|
Pitching: LHP Luis Guevara
|
|
Batting: SHB Jerry Kennedy
|
0-0: Ball 1-0: Ball 2-0: Fly out, F3 (Popup, 3L)
|
Batting: LHB Ed Hart
|
0-0: Ball 1-0: Foul Ball, location: 2F 1-1: Ball 2-1: Foul Ball, location: 2F 2-2: SINGLE (Line Drive, 34)
|
Batting: RHB Lawrence Yates
|
0-0: SINGLE (Groundball, 34D) Ed Hart to second Runner from 2nd tries for 3rd, SAFE, throw made to third
|
Batting: LHB Albert Morgan
|
0-0: Called Strike 0-1: Ball 1-1: Fly out, F8 (Flyball, 8RM) Runner from 3rd tags up, SCORES, throw made
|
Pitching: RHP Ki-tong Shiu
|
|
Batting: RHB Shigemasa Ishida
|
0-0: Fielders Choice at 2nd, U4 (Groundball, 4M)
|
Bottom of the 1st over - 1 run(s), 2 hit(s), 0 error(s), 1 left on base; Trenton 3 - Tuscaloosa 1 |
TOP OF THE 2ND |
Trenton Stars batting - Pitching for Tuscaloosa Trout Slayers : RHP Rafael Ramírez
|
Batting: RHB Jesús Dávila
|
0-0: Called Strike 0-1: Ball 1-1: Ball 2-1: Called Strike 2-2: Foul Ball, location: 2F 2-2: Strikes out looking
|
Batting: SHB Rafael Villa
|
0-0: Called Strike 0-1: Ball 1-1: Foul Ball, location: 2F 1-2: Ball 2-2: Ball 3-2: Base on Balls
|
Batting: LHB Felipe Guerrero
|
0-0: Fly out, F7 (Popup, 78S)
|
Batting: RHB Kenji Murayama
|
0-0: Called Strike 0-1: Ball 1-1: Foul Ball, location: 2F 1-2: Ball 2-2: Ball 3-2: Foul Ball, location: 2F 3-2: Ground out 6-3 (Groundball, 6)
|
Top of the 2nd over - 0 run(s), 0 hit(s), 0 error(s), 1 left on base; Trenton 3 - Tuscaloosa 1 |
BOTTOM OF THE 2ND |
Tuscaloosa Trout Slayers batting - Pitching for Trenton Stars : RHP Ki-tong Shiu
|
Batting: LHB Damon Mitchell
|
0-0: Called Strike 0-1: Ball 1-1: Swinging Strike 1-2: Foul Ball, location: 2F 1-2: Ground out 4-3 (Groundball, 4)
|
Batting: RHB Alberto Pérez
|
0-0: Ball 1-0: Called Strike 1-1: Ball 2-1: Called Strike 2-2: Strikes out swinging
|
Batting: RHB Ben Morton
|
0-0: Ground out 5-3 (Groundball, 5S)
|
Bottom of the 2nd over - 0 run(s), 0 hit(s), 0 error(s), 0 left on base; Trenton 3 - Tuscaloosa 1 |
TOP OF THE 3RD |
Trenton Stars batting - Pitching for Tuscaloosa Trout Slayers : RHP Rafael Ramírez
|
Batting: LHB Alonzo Medine
|
0-0: Ball 1-0: Ball 2-0: DOUBLE (Flyball, 89XD)
|
Batting: RHB Chris Cole
|
0-0: Ball 1-0: Ball 2-0: Ball Wild Pitch! Alonzo Medine to third 3-0: Called Strike 3-1: Fly out, F8 (Flyball, 8RM) Runner from 3rd tags up, SCORES, throw made
|
Batting: LHB Alberto Gómez
|
0-0: Ball 1-0: SOLO HOME RUN (Flyball, 9D), Distance : 385 ft
|
Batting: LHB Ju-wei Shiu
|
0-0: Called Strike 0-1: Fly out, F4 (Line Drive, 4)
|
Batting: RHB Rafael Canales
|
0-0: Foul Ball, location: 2F 0-1: Foul Ball, location: 2F 0-2: Ball 1-2: Ball 2-2: Strikes out looking
|
Top of the 3rd over - 2 run(s), 2 hit(s), 0 error(s), 0 left on base; Trenton 5 - Tuscaloosa 1 |
BOTTOM OF THE 3RD |
Tuscaloosa Trout Slayers batting - Pitching for Trenton Stars : RHP Ki-tong Shiu
|
Batting: RHB Tetsunori Ito
|
0-0: Called Strike 0-1: Ball 1-1: SINGLE (Line Drive, 89M)
|
Batting: SHB Jerry Kennedy
|
0-0: DOUBLE (Flyball, 8LXD) Tetsunori Ito to third Runner from 3rd tries for Home, SAFE, throw made home
|
Batting: LHB Ed Hart
|
0-0: Ball 1-0: Foul Ball, location: 2F 1-1: Ball 2-1: Swinging Strike 2-2: Ball 3-2: Foul Ball, location: 2F 3-2: Strikes out swinging
|
Batting: RHB Lawrence Yates
|
0-0: Ball 1-0: Called Strike 1-1: Ball 2-1: Called Strike 2-2: Strikes out swinging
|
Pitching: RHP Alfredo Ruíz
|
|
Batting: LHB Albert Morgan
|
0-0: Ball 1-0: Foul Ball, location: 2F 1-1: Ball 2-1: DOUBLE (Line Drive, 8RM) Jerry Kennedy scores
|
Batting: RHB Shigemasa Ishida
|
0-0: Ball 1-0: Foul Ball, location: 2F 1-1: Ball 2-1: Ball 3-1: Called Strike 3-2: Fly out, F3 (Popup, 3F)
|
Bottom of the 3rd over - 2 run(s), 3 hit(s), 0 error(s), 1 left on base; Trenton 5 - Tuscaloosa 3 |
TOP OF THE 4TH |
Trenton Stars batting - Pitching for Tuscaloosa Trout Slayers : RHP Rafael Ramírez
|
Batting: RHB Jesús Dávila
|
0-0: Called Strike 0-1: SINGLE (Line Drive, 34D)
|
Batting: SHB Rafael Villa
|
0-0: Ball 1-0: Called Strike 1-1: Swinging Strike 1-2: Ball 2-2: Foul Ball, location: 2F 2-2: Fly out, F8 (Flyball, 78M)
|
Batting: LHB Felipe Guerrero
|
0-0: Ball 1-0: Fly out, F7 (Flyball, 7LM)
|
Batting: RHB Kenji Murayama
|
0-0: Swinging Strike 0-1: Foul Ball, location: 2F 0-2: Strikes out swinging
|
Top of the 4th over - 0 run(s), 1 hit(s), 0 error(s), 1 left on base; Trenton 5 - Tuscaloosa 3 |
BOTTOM OF THE 4TH |
Tuscaloosa Trout Slayers batting - Pitching for Trenton Stars : RHP Alfredo Ruíz
|
Batting: LHB Damon Mitchell
|
0-0: Ball 1-0: Ball 2-0: Foul Ball, location: 2F 2-1: Foul Ball, location: 2F 2-2: Ball 3-2: Fly out, F7 (Flyball, 7M)
|
Batting: RHB Alberto Pérez
|
0-0: Ball 1-0: Called Strike 1-1: SINGLE (Line Drive, 8LS)
|
Pitching: LHP Michael Puckett
|
|
Batting: RHB Ben Morton
|
0-0: Ball 1-0: Ball 2-0: Ball 3-0: Base on Balls Alberto Pérez to second
|
Batting: RHB Tetsunori Ito
|
0-0: Fly out, F9 (Flyball, 89D) Runner from 2nd tags up, SAFE at 3rd, no throw
|
Batting: SHB Jerry Kennedy
|
0-0: Ball 1-0: Fielders Choice at 2nd, U6 (Groundball, 6M)
|
Bottom of the 4th over - 0 run(s), 1 hit(s), 0 error(s), 2 left on base; Trenton 5 - Tuscaloosa 3 |
TOP OF THE 5TH |
Trenton Stars batting - Pitching for Tuscaloosa Trout Slayers : RHP Rafael Ramírez
|
Batting: LHB Alonzo Medine
|
0-0: Ball 1-0: Foul Ball, location: 2F 1-1: Ball 2-1: SOLO HOME RUN (Line Drive, 89XD), Distance : 418 ft
|
Batting: RHB Chris Cole
|
0-0: Swinging Strike 0-1: Fly out, F4 (Popup, 3DF)
|
Batting: LHB Alberto Gómez
|
0-0: Foul Ball, location: 2F 0-1: Swinging Strike 0-2: Ball 1-2: Foul Ball, location: 2F 1-2: Foul Ball, location: 2F 1-2: SINGLE (Line Drive, 9LS)
|
Batting: LHB Ju-wei Shiu
|
0-0: Fly out, F8 (Flyball, 8LM)
|
Batting: RHB Rafael Canales
|
0-0: Called Strike 0-1: Swinging Strike 0-2: Ball 1-2: Ball 2-2: Strikes out swinging
|
Top of the 5th over - 1 run(s), 2 hit(s), 0 error(s), 1 left on base; Trenton 6 - Tuscaloosa 3 |
BOTTOM OF THE 5TH |
Tuscaloosa Trout Slayers batting - Pitching for Trenton Stars : LHP Michael Puckett
|
Batting: LHB Ed Hart
|
0-0: Called Strike 0-1: Ball 1-1: Ball 2-1: Called Strike 2-2: DOUBLE (Flyball, 8RS)
|
Pitching: RHP Jonathan Booker
|
|
Batting: RHB Lawrence Yates
|
0-0: Called Strike 0-1: Foul Ball, location: 2F 0-2: Strikes out swinging
|
Batting: LHB Albert Morgan
|
0-0: Called Strike 0-1: Ground out 1-3 (Groundball, 34S) Ed Hart to third
|
Batting: RHB Shigemasa Ishida
|
0-0: Called Strike 0-1: Called Strike 0-2: Ball 1-2: Strikes out swinging
|
Bottom of the 5th over - 0 run(s), 1 hit(s), 0 error(s), 1 left on base; Trenton 6 - Tuscaloosa 3 |
TOP OF THE 6TH |
Trenton Stars batting - Pitching for Tuscaloosa Trout Slayers : RHP Rafael Ramírez
|
Batting: RHB Jesús Dávila
|
0-0: Foul Ball, location: 2F 0-1: Foul Ball, location: 2F 0-2: Ball 1-2: Foul Ball, location: 2F 1-2: Ball 2-2: Strikes out swinging
|
Batting: SHB Rafael Villa
|
0-0: Ball 1-0: Foul Ball, location: 2F 1-1: Ball 2-1: Ball 3-1: Foul Ball, location: 2F 3-2: SINGLE (Line Drive, 6MD)
|
Pitching: LHP Luis López
|
|
Batting: LHB Felipe Guerrero
|
0-0: SINGLE (Groundball, 34S) (infield hit) Rafael Villa to second
|
Batting: RHB Kenji Murayama
|
0-0: Swinging Strike 0-1: Called Strike 0-2: Ball 1-2: Strikes out swinging
|
Batting: LHB Alonzo Medine
|
0-0: Foul Ball, location: 2F 0-1: Called Strike 0-2: Foul Ball, location: 2F 0-2: Ball Passed Ball! Rafael Villa to third Felipe Guerrero to second 1-2: Ball 2-2: Ball 3-2: Foul Ball, location: 2F 3-2: Fly out, F7 (Flyball, 7LM)
|
Top of the 6th over - 0 run(s), 2 hit(s), 0 error(s), 2 left on base; Trenton 6 - Tuscaloosa 3 |
BOTTOM OF THE 6TH |
Tuscaloosa Trout Slayers batting - Pitching for Trenton Stars : RHP Jonathan Booker
|
Pitching: RHP Gilberto Martínez
|
|
Batting: LHB Damon Mitchell
|
0-0: Foul Ball, location: 2F 0-1: Called Strike 0-2: Ball 1-2: Ball 2-2: Ball 3-2: Base on Balls
|
Batting: RHB Alberto Pérez
|
0-0: Fly out, F4 (Popup, 4D)
|
Batting: RHB Ben Morton
|
0-0: Called Strike 0-1: Swinging Strike 0-2: Foul Ball, location: 2F 0-2: Foul Ball, location: 2F 0-2: Strikes out looking
|
Batting: RHB Tetsunori Ito
|
0-0: Foul Ball, location: 2F 0-1: Foul Ball, location: 2F 0-2: Foul Ball, location: 2F 0-2: Ball 1-2: Strikes out swinging
|
Bottom of the 6th over - 0 run(s), 0 hit(s), 0 error(s), 1 left on base; Trenton 6 - Tuscaloosa 3 |
TOP OF THE 7TH |
Trenton Stars batting - Pitching for Tuscaloosa Trout Slayers : LHP Luis López
|
Batting: RHB Chris Cole
|
0-0: Ball 1-0: Foul Ball, location: 2F 1-1: Ground out 4-3 (Groundball, 4)
|
Batting: LHB Alberto Gómez
|
0-0: Called Strike 0-1: Ground out 4-3 (Groundball, 4)
|
Batting: LHB Ju-wei Shiu
|
0-0: Ball 1-0: Foul Ball, location: 2F 1-1: Called Strike 1-2: Ball 2-2: Strikes out looking
|
Top of the 7th over - 0 run(s), 0 hit(s), 0 error(s), 0 left on base; Trenton 6 - Tuscaloosa 3 |
BOTTOM OF THE 7TH |
Tuscaloosa Trout Slayers batting - Pitching for Trenton Stars : RHP Gilberto Martínez
|
Batting: SHB Jerry Kennedy
|
0-0: Called Strike 0-1: Ball 1-1: Ball 2-1: Ball 3-1: Base on Balls
|
Batting: LHB Ed Hart
|
0-0: Grounds into double play, 1-6-3 (Groundball, 23)
|
Batting: RHB Lawrence Yates
|
0-0: Ball 1-0: Foul Ball, location: 2F 1-1: Foul Ball, location: 2F 1-2: Foul Ball, location: 2F 1-2: Strikes out swinging
|
Bottom of the 7th over - 0 run(s), 0 hit(s), 0 error(s), 0 left on base; Trenton 6 - Tuscaloosa 3 |
TOP OF THE 8TH |
Trenton Stars batting - Pitching for Tuscaloosa Trout Slayers : LHP Luis López
|
Batting: RHB Rafael Canales
|
0-0: Ball 1-0: SINGLE (Groundball, 4M)
|
Batting: RHB Jesús Dávila
|
0-0: Sac Bunt - play at first, batter safe! Rafael Canales to second
|
Batting: SHB Rafael Villa
|
0-0: Sac Bunt - play at third, runner OUT! 5-6 Jesús Dávila to second
|
Batting: LHB Felipe Guerrero
|
0-0: Ball 1-0: Ball 2-0: Called Strike 2-1: Ball 3-1: Base on Balls Jesús Dávila to third Rafael Villa to second
|
Pitching: RHP Jesús Ramos
|
|
Batting: RHB Kenji Murayama
|
0-0: Ball 1-0: Ball 2-0: Swinging Strike 2-1: Foul Ball, location: 2F 2-2: Strikes out swinging
|
Batting: LHB Alonzo Medine
|
0-0: Called Strike 0-1: Foul Ball, location: 2F 0-2: Strikes out swinging
|
Top of the 8th over - 0 run(s), 2 hit(s), 0 error(s), 3 left on base; Trenton 6 - Tuscaloosa 3 |
BOTTOM OF THE 8TH |
Tuscaloosa Trout Slayers batting - Pitching for Trenton Stars : RHP Gilberto Martínez
|
Batting: LHB Albert Morgan
|
0-0: Ball 1-0: Ball 2-0: Ball 3-0: Foul Ball, location: 2F 3-1: Foul Ball, location: 2F 3-2: Base on Balls
|
Batting: RHB Shigemasa Ishida
|
0-0: Swinging Strike 0-1: Foul Ball, location: 2F 0-2: Fly out, F4 (Popup, 8RS)
|
Batting: LHB Damon Mitchell
|
0-0: Ball 1-0: Called Strike 1-1: Ball 2-1: Fly out, F8 (Flyball, 8LD)
|
Batting: RHB Alberto Pérez
|
0-0: Foul Ball, location: 2F 0-1: Swinging Strike 0-2: Fly out, F7 (Flyball, 7S)
|
Bottom of the 8th over - 0 run(s), 0 hit(s), 0 error(s), 1 left on base; Trenton 6 - Tuscaloosa 3 |
TOP OF THE 9TH |
Trenton Stars batting - Pitching for Tuscaloosa Trout Slayers : RHP Jesús Ramos
|
Pitching: RHP John Charles
|
|
Batting: RHB Chris Cole
|
0-0: Ball 1-0: Ball 2-0: Ball 3-0: Called Strike 3-1: Base on Balls
|
Batting: LHB Alberto Gómez
|
0-0: Ball 1-0: Ball 2-0: Foul Ball, location: 2F 2-1: Fly out, F8 (Line Drive, 8LS)
|
Batting: LHB Ju-wei Shiu
|
0-0: Called Strike 0-1: Ball 1-1: Swinging Strike 1-2: Ball 2-2: Foul Ball, location: 2F 2-2: Strikes out swinging
|
Batting: RHB Rafael Canales
|
0-0: Called Strike 0-1: Ball 1-1: Ball 2-1: Ball 3-1: Base on Balls Chris Cole to second
|
Batting: RHB Jesús Dávila
|
0-0: Called Strike 0-1: Swinging Strike 0-2: Ball Wild Pitch! Chris Cole to third Rafael Canales to second 1-2: Foul Ball, location: 2F 1-2: Foul Ball, location: 2F 1-2: Ball 2-2: Strikes out swinging
|
Top of the 9th over - 0 run(s), 0 hit(s), 0 error(s), 2 left on base; Trenton 6 - Tuscaloosa 3 |
BOTTOM OF THE 9TH |
Tuscaloosa Trout Slayers batting - Pitching for Trenton Stars : RHP Gilberto Martínez
|
Batting: RHB Ben Morton
|
0-0: Ball 1-0: Ball 2-0: Called Strike 2-1: Ball 3-1: Called Strike 3-2: Base on Balls
|
Batting: RHB Tetsunori Ito
|
0-0: Hit by Pitch Ben Morton to second
|
Batting: SHB Jerry Kennedy
|
0-0: Called Strike 0-1: SINGLE (Groundball, 6MD) Ben Morton to third Tetsunori Ito to second
|
Batting: LHB Ed Hart
|
0-0: Ball 1-0: Called Strike 1-1: Foul Ball, location: 2F 1-2: Ball 2-2: Foul Ball, location: 2F 2-2: Foul Ball, location: 2F 2-2: Foul Ball, location: 2F 2-2: Ball 3-2: SINGLE (Line Drive, 8LS) Ben Morton scores Tetsunori Ito to third Jerry Kennedy to second
|
Pitching: RHP Joe Fisher
|
|
Pinch Hitting: LHB Miguel Rosa
|
0-0: Ball 1-0: Ball 2-0: Fly out, F8 (Flyball, 89D) Runner from 3rd tags up, SCORES, no throw
|
Batting: LHB Albert Morgan
|
0-0: Called Strike Balk! Jerry Kennedy to third Ed Hart to second 0-1: Ball 1-1: Ball 2-1: Ball 3-1: Called Strike 3-2: Foul Ball, location: 2F 3-2: Base on Balls
|
Pinch Hitting: RHB Ryan McBride
|
0-0: Ball 1-0: Ball 2-0: Called Strike 2-1: Foul Ball, location: 2F 2-2: Ball 3-2: SINGLE (Groundball, 56D) Jerry Kennedy scores Ed Hart to third Albert Morgan to second
|
Batting: LHB Damon Mitchell
|
0-0: Called Strike 0-1: Swinging Strike 0-2: Ball 1-2: Ball 2-2: Foul Ball, location: 2F 2-2: Foul Ball, location: 2F 2-2: Ball 3-2: Base on Balls Ed Hart scores Albert Morgan to third Ryan McBride to second
|
Monday, December 5th, 2016 - OOTP Baseball 17.12 Build 75
|
|